 Dungeon Crawl Stone Soup version 0.29-a0-330-g52719c12eb (webtiles) character file.

Game seed: 17502048539667878515

8003 Charly the Archer (level 11, -9/97 HPs)
             Began as a Barachi Hunter on May 1, 2022.
             Was an Elder of Ashenzari.
             Shot with an arrow by a centaur warrior (15 damage)
             ... on level 9 of the Dungeon.
             The game lasted 00:43:40 (15213 turns).

Charly the Archer (Barachi Hunter)                 Turns: 15213, Time: 00:43:41

Health: -9/97      AC: 22    Str: 12    XL:     11   Next: 24%
Magic:  11/11      EV: 12    Int: 11    God:    Ashenzari [****..]
Gold:   66         SH:  0    Dex: 19    Spells: 10/10 levels left

rFire   . . .      SeeInvis +   a - +1 shortbow of Ashenzari's Portent {freeze, Self, Fort} (curse)
rCold   . . .      Faith    .   (shield currently unavailable)
rNeg    . . .      Spirit   .   B - +0 swamp dragon scales
rPois   +          Reflect  .   E - +2 helmet "Cursed Omen" {Range, Comp} (curse)
rElec   .          Harm     .   h - +0 cloak of the Chained Repose {Evo, Bglg} (curse)
rCorr   .          Rampage  .   (no gloves)
Will    .....      Clarity  +   A - +2 pair of boots of the Visionary Regret {Melee, Range} (curse)
Stlth   ++........              (no amulet)
HPRegen 0.26/turn               F - ring "Suspicion of the Ether" {AC+4, Fort, Range} (curse)
MPRegen 0.12/turn               v - ring "Soothsayer of Ashenzari" {Fly, Fort, Melee} (curse)

@: flying, slow
A: amphibious, slowness 1, strong legs 1, +LOS
a: Hop, Renounce Religion, Shatter the Chains


You were on level 9 of the Dungeon.
You worshipped Ashenzari.
Ashenzari was greatly pleased with you.
You visited 2 branches of the dungeon, and saw 10 of its levels.
You also visited: Ossuary.

You collected 555 gold pieces.
You spent 489 gold pieces at shops.

Inventory:

Hand Weapons
 a - the cursed +1 shortbow of Ashenzari's Portent (weapon) {freeze, Self, Fort} Any ammunition fired from it freezes those it strikes, dealing additional cold damage. It can also slow down cold-blooded creatures. It has a curse which improves the following skills: Introspection: Fighting and Spellcasting. Fortitude: Armour and Shields.
Missiles
 d - 29 poisoned darts
 u - a throwing net
Armour
 h - the cursed +0 cloak of the Chained Repose (worn) {Evo, Bglg}
   (You found it on level 1 of the Dungeon)

   It has a curse which improves the following skills: Evocations: Evocations.
   Beguiling: Conjurations, Hexes and Translocations.
 m - a +1 leather armour of cold resistance
 y - a +2 cloak
 A - the cursed +2 pair of boots of the Visionary Regret (worn) {Melee, Range}
   (You found it on level 6 of the Dungeon)

   It has a curse which improves the following skills: Melee Combat: Short
   Blades, Long Blades, Axes, Maces & Flails, Polearms, Staves and Unarmed
   Combat.
   Ranged Combat: Slings, Bows, Crossbows and Throwing.
 B - +0 swamp dragon scales (worn)
 E - the cursed +2 helmet "Cursed Omen" (worn) {Range, Comp}
   (You found it on level 7 of the Dungeon)

   It has a curse which improves the following skills: Ranged Combat: Slings,
   Bows, Crossbows and Throwing.
   Companions: Summonings and Necromancy.
Jewellery
 f - a ring of protection from fire
 v - the cursed ring "Soothsayer of Ashenzari" (right hand) {Fly, Fort, Melee}
   (You found it on level 5 of the Dungeon)

   [ring of flight]

   Fly:       It grants you flight.
   It has a curse which improves the following skills: Fortitude: Armour and
   Shields.
   Melee Combat: Short Blades, Long Blades, Axes, Maces & Flails, Polearms,
   Staves and Unarmed Combat.
 F - the cursed ring "Suspicion of the Ether" (left hand) {AC+4, Fort, Range}
   (You found it on level 8 of the Dungeon)

   [ring of protection]

   AC:        It affects your AC (+4).
   It has a curse which improves the following skills: Fortitude: Armour and
   Shields.
   Ranged Combat: Slings, Bows, Crossbows and Throwing.
Wands
 z - a wand of flame (19)
Scrolls
 c - a scroll of immolation
 e - a scroll of holy word
 g - 2 scrolls of blinking
 n - a scroll of summoning
 p - 2 scrolls of magic mapping
 q - 2 scrolls of teleportation
 r - 2 scrolls of vulnerability
Potions
 b - 3 potions of invisibility
 i - 5 potions of flight
 j - 7 potions of curing
 l - 3 potions of berserk rage
 o - a potion of cancellation
 s - 2 potions of attraction
 t - a potion of lignification
 w - 2 potions of might
 x - a potion of brilliance
 C - 2 potions of heal wounds
 D - 3 potions of resistance


   Skills:
 + Level 10.9(12.8) Fighting
 - Level 13.0(16.8) Bows
 + Level 6.8(10.7) Armour
 - Level 4.0 Dodging
 - Level 2.0 Stealth
 - Level 3.3(5.1) Evocations


You had 10 spell levels left.
You didn't know any spells.
Your spell library contained the following spells:

 Spells                   Type           Power      Damage    Failure   Level
 Apportation              Tloc           0%         N/A       52%         1
 Shock                    Conj/Air       0%         1d3       52%         1
 Slow                     Hex            0%         N/A       52%         1
 Beastly Appendage        Tmut           0%         N/A       54%         1
 Wereblood                Tmut           0%         N/A       69%         2
 Confusing Touch          Hex            0%         N/A       87%         3
 Vampiric Draining        Necr           0%         2d6       87%         3
 Spider Form              Tmut/Pois      0%         N/A       89%         3
 Swiftness                Air            0%         N/A       89%         3
 Fulminant Prism          Conj/Hex       0%         3d6       99%         4
 Iskenderun's Mystic Bla  Conj/Tloc      0%         2d3       99%         4
 Airstrike                Air            0%         N/A       100%        4
 Petrify                  Tmut/Erth      0%         N/A       100%        4
 Alistair's Intoxication  Tmut/Pois      0%         N/A       100%        5
 Lee's Rapid Deconstruct  Erth           0%         3d5*      100%        5
 Metabolic Englaciation   Hex/Ice        0%         N/A       100%        5
 Statue Form              Tmut/Erth      0%         N/A       100%        6


Dungeon Overview and Level Annotations

Branches:
Dungeon (9/15)             Temple (1/1) D:4         Ossuary (visited)
   Lair: D:8-11         Orc: D:9-12

Altars:
Ashenzari
Cheibriados
Dithmenos
Elyvilon
Fedhas
Gozag
Hepliaklqana
Kikubaaqudgha
Makhleb
Nemelex Xobeh
Okawaru
Qazlal
Ru
Sif Muna
Trog
Uskayaw
Vehumet
Wu Jian
Xom
Yredelemnul
Zin
The Shining One

Shops:
D:2 ?((=(   D:3 (   D:4 !   D:6 !


Innate Abilities, Weirdness & Mutations

You are amphibious.
You cover ground slowly.
You can hop short distances.
You have an extended range of vision and can be seen from far away.


Message History

The arrow freezes the centaur warrior.
The centaur warrior is heavily wounded.
The centaur warrior shoots an arrow.
The arrow barely misses you.
The centaur warrior shoots an arrow.
The arrow hits you.
You shoot an arrow. The arrow hits the centaur warrior.
The arrow freezes the centaur warrior.
The centaur warrior is severely wounded.
The centaur warrior shoots an arrow.
The arrow hits you!
Aiming: Iceblast
Press: ? - help, Shift-Dir - straight line, f/p - centaur warrior
Aim: a centaur warrior, wielding a +0 vorpal longbow and wearing an amulet of the acrobat (heavily wounded)
The mass of ice explodes!
The iceblast engulfs the centaur warrior!
The centaur warrior is almost dead.
You hear a shout! x2; You hear a loud, deep croak!
You hear an angry buzzing noise.
The centaur warrior shoots an arrow.
The arrow hits you!!
* * * LOW HITPOINT WARNING * * *
x2
Aiming: Iceblast
Press: ? - help, Shift-Dir - straight line, f/p - centaur warrior
Aim: a centaur warrior, wielding a +0 vorpal longbow and wearing an amulet of the acrobat (almost dead)
The mass of ice explodes!
The iceblast engulfs the centaur warrior.
The centaur warrior is almost dead.
You hear a shout! x2
The centaur warrior shoots an arrow.
The arrow hits you but does no damage.
Aiming: Iceblast
Press: ? - help, Shift-Dir - straight line, f/p - centaur warrior
Aim: a centaur warrior, wielding a +0 vorpal longbow and wearing an amulet of the acrobat (almost dead)
The mass of ice explodes!
The iceblast engulfs the centaur warrior!
You kill the centaur warrior!
The now-empty wand crumbles to dust.
Training target 5.0 for Evocations reached!
Your base Evocations skill increases to level 3!
A centaur warrior comes into view.
The centaur warrior shouts!
The centaur warrior wields a +0 shortbow.
The centaur warrior shoots an arrow.
The arrow hits you!
You die...

* ,* #..#####. * ,,,* * *,
, ##..## #..** **, * ,, *
, ###.## #.# ,* ,* , ,*
##..####.## *, , ,, *,* **
##.#####.### * ' , ,, ,
##†###.....## , ,, , ,* *
, ##.##.......##,# *' * ,
##.#...###...#.#{ , ,*
##.#@.#####).#.# * * *
##.+..#####..'.# * * *
##.#..#####..#.#, * *, ,*
*###.#...###...#.# *
,#.####.##.......##.**###*
* #...[..###..c..###., ...
* ######.#####.#######
#'## * * * ###..####.###
#{. .... , , ,
.##.####.#####.# #.##


You could see a centaur warrior.

Vanquished Creatures
  A centaur warrior (D:9)
  An orc knight (D:8)
  Joseph (D:7)
  Maggie (D:6)
  A tengu conjurer (D:9)
  Grinder (D:3)
  Sigmund (D:2)
  2 wraiths (D:9)
  2 yaks (D:9)
  A wyvern (D:8)
  Edmund (D:5)
  Menkaure (D:5)
  A sky beast (D:5)
  5 orc warriors
  A black bear (D:6)
  3 centaurs (D:9)
  2 ogres (D:4)
  3 phantoms (D:6)
  2 kobold brigands
  4 bullfrogs
  A necrophage (D:7)
  A gnoll sergeant (D:9)
  2 scorpions (D:5)
  13 wights
  15 killer bees
  6 howler monkeys
  5 hounds
  6 orc priests
  Crazy Yiuf (D:2)
  Jessica (D:2)
  2 gnoll shamans (D:4)
  An iguana (D:6)
  11 orc wizards
  8 mummies (Ossuary)
  23 gnolls
  6 adders
  A shadow imp (D:5)
  A white imp (D:6)
  An ufetubus (D:7)
  5 worms
  53 orcs
  8 ball pythons
  12 endoplasms
  8 giant cockroaches
  4 gnoll zombies (Ossuary)
  2 goblins
  8 hobgoblins
  24 jackals
  10 kobolds
  4 quokkas
  5 bats
  5 frilled lizards
  2 kobold zombies (Ossuary)
  2 orc zombies (Ossuary)
  4 rats (D:1)
296 creatures vanquished.

Vanquished Creatures (others)
  3 plants (D:4)
3 creatures vanquished.

Grand Total: 299 creatures vanquished

Notes
Turn   | Place    | Note
-------+----------+-------------------------------------------
     0 | D:1      | Charly the Barachi Hunter began the quest for the Orb.
     0 | D:1      | Reached XP level 1. HP: 17/17 MP: 1/1
     1 | D:1      | Found a runed translucent door.
    13 | D:1      | Reached skill level 1 in Stealth
   216 | D:1      | Reached XP level 2. HP: 23/23 MP: 2/2
   570 | D:1      | Found a faded altar of an unknown god.
   673 | D:1      | Reached XP level 3. HP: 28/28 MP: 3/3
  1146 | D:2      | Found Yseelyk's Jewellery Shop.
  1173 | D:2      | Found Wiceucoy's Weapon Shop.
  1247 | D:2      | Found Qodwi's Antique Weapon Shoppe.
  1732 | D:2      | Reached XP level 4. HP: 23/35 MP: 4/4
  1764 | D:2      | Reached skill level 5 in Bows
  2108 | D:2      | Found Gurycu Surat's Magic Scroll Boutique.
  2115 | D:2      | Bought a scroll of teleportation for 42 gold pieces
  2174 | D:2      | Found Nuynn's Weapon Shop.
  2175 | D:2      | Noticed Jessica
  2180 | D:2      | Killed Jessica
  2414 | D:2      | Noticed Sigmund
  2578 | D:1      | Reached XP level 5. HP: 39/42 MP: 5/5
  2847 | D:3      | Found Ruatatur's Antique Weapon Shoppe.
  3137 | D:3      | Noticed Grinder
  3343 | D:2      | Bought a scroll of identify for 28 gold pieces
  3415 | D:4      | Found a staircase to the Ecumenical Temple.
  3430 | Temple   | Entered the Ecumenical Temple
  3638 | Temple   | Became a worshipper of Ashenzari the Shackled
  4118 | D:4      | Reached skill level 6 in Bows
  4118 | D:4      | Reached XP level 6. HP: 47/49 MP: 6/6
  4675 | D:4      | Found Leit's Distillery.
  4694 | D:4      | Reached skill level 5 in Fighting
  4698 | D:4      | Reached XP level 7. HP: 45/56 MP: 4/7
  4878 | D:4      | Bought a potion of heal wounds for 55 gold pieces
  5254 | D:4      | Reached skill level 7 in Bows
  5752 | D:4      | Reached skill level 8 in Bows
  6057 | D:4      | Reached XP level 8. HP: 64/64 MP: 8/8
  6268 | D:4      | Found a staircase to the Ecumenical Temple.
  6976 | D:4      | Found Leit's Distillery.
  7155 | D:5      | Entered Level 5 of the Dungeon
  7155 | D:5      | Noticed Edmund
  7338 | D:5      | Reached skill level 1 in Armour
  7947 | D:4      | Bought a potion of curing for 33 gold pieces
  8091 | D:5      | Noticed Menkaure
  8130 | D:5      | Found a blossoming altar of Fedhas.
  8595 | D:5      | Found a sacrificial altar of Ru.
  8596 | D:5      | Reached * piety under Ashenzari
  8808 | D:4      | Bought a potion of lignification for 33 gold pieces
  8899 | D:5      | Killed Menkaure
  8900 | D:5      | Reached skill level 9 in Bows
  9265 | D:5      | Found a stormy altar of Qazlal.
  9584 | D:5      | Killed Edmund
  9585 | D:5      | Reached XP level 9. HP: 74/74 MP: 9/9
  9760 | D:3      | Paralysed by Grinder for 2 turns
  9766 | D:3      | Killed Grinder
  9922 | D:2      | Killed Sigmund
 10128 | D:2      | Found a runed translucent door.
 10129 | D:2      | Noticed Crazy Yiuf
 10136 | D:2      | Killed Crazy Yiuf
 10137 | D:2      | Reached skill level 10 in Bows
 10401 | D:2      | Bought a scroll of magic mapping for 49 gold pieces
 10576 | D:6      | Noticed Maggie
 10646 | D:6      | Reached ** piety under Ashenzari
 11010 | D:6      | Found Weeqaota's Distillery.
 11179 | D:4      | Bought a potion of curing for 33 gold pieces
 11361 | D:6      | Bought a potion of curing for 36 gold pieces
 11626 | D:6      | Reached *** piety under Ashenzari
 11685 | D:6      | Reached skill level 11 in Bows
 11981 | D:6      | Killed Maggie
 12049 | D:7      | Noticed Joseph
 12060 | D:7      | Killed Joseph
 12061 | D:7      | Reached XP level 10. HP: 86/86 MP: 10/10
 12083 | D:7      | Identified the cursed +0 cloak of the Chained Repose {Evo,
                  | Bglg} (You found it on level 1 of the Dungeon)
 12288 | D:7      | Found a sand-covered staircase.
 12293 | Ossuary  | Entered an ossuary
 12580 | D:6      | Bought a potion of heal wounds for 60 gold pieces
 12580 | D:6      | Bought a potion of resistance for 120 gold pieces
 13628 | D:8      | Reached skill level 12 in Bows
 13708 | D:8      | Reached skill level 5 in Armour
 13776 | D:8      | Reached **** piety under Ashenzari
 13839 | D:8      | Noticed an orc knight
 13850 | D:8      | Reached skill level 10 in Fighting
 14638 | D:8      | Killed an orc knight
 14949 | D:9      | Reached skill level 1 in Evocations
 14993 | D:9      | Reached XP level 11. HP: 79/96 MP: 11/11
 15099 | D:9      | Reached skill level 13 in Bows
 15197 | D:9      | Noticed a centaur warrior
 15209 | D:9      | Killed a centaur warrior
 15213 | D:9      | Noticed a centaur warrior
 15213 | D:9      | Shot with an arrow by a centaur warrior

Illustrated notes

Levels and vault maps discovered:
D:1:      dpeg_arrival_caged_fury, layout_basic,
          dreamdust_ecumenical_altar_hidden_monk_grotto
D:2:      layout_loops_corners, serial_shops, nicolae_shop_hallway_plus, shop,
          shop, nicolae_shop_hallway_plus, nicolae_shop_bloodbath_and_beyond,
          uniq_sigmund, uniq_crazy_yiuf_cottage, uniq_jessica
D:3:      layout_basic, serial_shops, nicolae_shop_waterfront,
          minmay_strange_pillars, moated_statue, uniq_grinder
D:4:      lemuel_castle_with_subvaults [lemuel_castle_interior_carwin_2],
          layout_basic, minmay_temple_entry_waves, nicolae_inconvenience_store
D:5:      layout_layer_cave, overflow_temple_1_default, kennysheep_little_box,
          fedhas_altar_1, uniq_menkaure, uniq_edmund
D:6:      layout_basic, minmay_parallelograms, kennysheep_windowed_goal,
          uniq_maggie
D:7:      layout_basic, enter_ossuary_2, uniq_joseph
D:8:      layout_cave_pools, kennysheep_island_fort
D:9:      minmay_the_grid_plus_closed [minmay_the_grid_mess,
          minmay_the_grid_outer_circle, minmay_the_grid_spin_star,
          minmay_the_grid_minigrid_large,
          minmay_the_grid_prize_shrinking_boxes], layout_loops_ring
Temple:   mainiacjoe_temple_bowtie_tessellation

Skill      XL: |  1  2  3  4  5  6  7  8  9 10 11 |
---------------+----------------------------------+-----
Stealth        | 2 |  2.0
Fighting       | 3 4 5 6 7 9 10 | 10.9
Bows           | 5 6 8 9 11 12 13 | 13.0
Armour         | 3 6 |  6.8
Dodging        | 3 4 |  4.0
Evocations     | 2 3 |  3.3

Action                   |  1- 3 |  4- 6 |  7- 9 | 10-12 || total
-------------------------+-------+-------+-------+-------++-------
 Fire: Shortbow          |    83 |   235 |   377 |   389 ||  1084
Invok: Curse Item        |       |       |     4 |     3 ||     7
       Shatter the Chain |       |       |     1 |       ||     1
 Abil: Hop               |     2 |     1 |     4 |     1 ||     8
Evoke: Wand              |       |       |       |     3 ||     3
  Use: Scroll            |       |     5 |     4 |     4 ||    13
       Potion            |       |       |     2 |       ||     2
Armor: Leather armour    |     4 |       |    36 |       ||    40
       Robe              |       |    21 |       |       ||    21
       Skin              |       |       |     4 |       ||     4
       Swamp dragon scal |       |       |       |    73 ||    73
Dodge: Dodged            |    11 |    70 |    61 |    79 ||   221

Table legend: (Time is in decaauts)
 A = Elapsed time spent in this place.
 B = Non-inter-level travel time spent in this place.
 C = Inter-level travel time spent in this place.
 D = Time resting spent in this place.
 E = Time spent auto-exploring this place.
 F = Levels seen in this place.
 G = Mean time per level.
                   A        B        C        D        E       F      G
               +--------+--------+--------+--------+--------+-----+--------+
         Total |  17278 |  14969 |   2309 |   1990 |  10224 |  11 | 1570.7 |
       Dungeon |  16762 |  14507 |   2255 |   1990 |   9941 |   9 | 1862.4 |
        Temple |    257 |    204 |     53 |      0 |    184 |   1 |  257.0 |
       Ossuary |    258 |    258 |      0 |      0 |     99 |   1 |  258.0 |
               +--------+--------+--------+--------+--------+-----+--------+

Top non-repeatable levels by time:
     D:4: 5133 daAuts
     D:5: 2305 daAuts
     D:2: 2118 daAuts
     D:8: 1562 daAuts
     D:6: 1495 daAuts
     D:1: 1430 daAuts
     D:7: 1210 daAuts
     D:3: 1124 daAuts
     D:9: 381 daAuts
 Ossuary: 258 daAuts
  Temple: 257 daAuts
